Map: Babylon LE

Players

winzboy

  • Race: Protoss Protoss
  • League: Gold
  • Spawn Location: 11:00

letme - Winner!

  • Race: Terran Terran
  • League: Platinum
  • Spawn Location: 5:00

VOD

Have the link to the VOD?

Description

Time

  • Played on: May 24, 2023, 4:28 a.m.
  • Length: 13:33
Show
View Real Time Build Order
Export as new Build Order

winzboy Protoss 

Build Orders:  

Get SALT Encoding   

  12  0:03  Probe  
  13  0:15  Probe  
  14  0:22  Pylon  
  14  0:27  Probe (Chrono Boost)  
  15  0:42  Probe (Chrono Boost), Gateway  
  16  0:47  Probe (Chrono Boost)  
  17  0:52  Assimilator  
  17  0:59  Probe  
  18  1:11  Probe  
  19  1:23  Probe  
  20  1:31  Cybernetics Core  
  20  1:35  Probe  
  21  1:47  Probe  
  21  1:55  Nexus  
  21  1:59  Probe  
  22  2:03  Assimilator  
  22  2:05  Warp Gate (Chrono Boost)  
  22  2:12  Probe  
  23  2:19  Pylon  
  23  2:37  Probe, Adept  
  23  2:44  Robotics Facility  
  26  2:49  Probe  
  27  2:53  Pylon  
  27  2:55  Shield Battery  
  25  3:07  Stalker (Chrono Boost)  
  27  3:12  Probe  
  27  3:13  Probe  
  28  3:25  Probe x2  
  30  3:37  Probe x2  
  30  3:39  Observer  
  33  3:48  Gateway  
  33  3:49  Probe (Chrono Boost)  
  33  3:52  Probe (Chrono Boost), Gateway  
  33  3:55  Pylon  
  35  3:59  Stalker  
  35  4:01  Probe (Chrono Boost)  
  39  4:04  Probe (Chrono Boost)  
  39  4:05  Probe (Chrono Boost)  
  40  4:13  Probe  
  40  4:16  Probe  
  42  4:25  Probe  
  42  4:31  Assimilator  
  43  4:33  Assimilator  
  43  4:43  Pylon  
  43  4:45  Probe (Chrono Boost), Twilight Council  
  44  4:47  Probe (Chrono Boost), Stalker  
  44  4:48  Stalker  
  44  4:49  Stalker  
  44  4:50  Pylon  
  51  4:58  Probe (Chrono Boost)  
  51  4:59  Probe (Chrono Boost)  
  53  5:04  Probe (Chrono Boost)  
  53  5:05  Probe (Chrono Boost)  
  55  5:08  Immortal  
  59  5:17  Probe x2 (Chrono Boost)  
  59  5:19  Adept  
  59  5:20  Adept  
  65  5:29  Probe (Chrono Boost)  
  65  5:35  Probe (Chrono Boost)  
  65  5:37  Probe (Chrono Boost)  
  65  5:41  Probe (Chrono Boost)  
  59  6:06  Stalker  
  59  6:07  Stalker x2  
  65  6:19  Pylon  
  65  6:20  Gateway  
  65  6:21  Gateway  
  65  6:23  Gateway  
  65  6:27  Probe x2  
  65  6:29  Gateway  
  65  6:31  Gateway  
  61  6:55  Stalker  
  61  6:56  Charge (Chrono Boost), Stalker x2  
  67  7:07  Templar Archives  
  67  7:10  Pylon  
  67  7:14  Probe x2  
  69  7:27  Stalker  
  69  7:28  Stalker x2  
  75  7:30  Nexus  
  75  7:33  Observer  
  76  7:38  Probe x2  
  78  7:50  Probe x2, Stalker x2  
  84  7:55  Pylon  
  84  8:00  High Templar x2  
  84  8:01  High Templar  
  90  8:07  Archon  
  90  8:37  Robotics Bay  
  90  8:39  Pylon  
  90  8:40  High Templar  
  92  8:43  Pylon  
  92  8:44  Zealot  
  92  8:45  Zealot x3  
  92  8:46  Zealot  
  92  8:47  Pylon  
  102  8:50  Pylon  
  102  8:55  Probe x3  
  105  9:00  Forge  
  105  9:06  Zealot x2  
  105  9:07  Probe, Zealot  
  112  9:16  Pylon, Immortal  
  116  9:20  Pylon  
  116  9:32  High Templar x2  
  116  9:35  Zealot x2  
  116  9:36  Zealot  
  126  9:43  Protoss Ground Weapons Level 1 (Chrono Boost)  
  126  9:55  Observer  
  126  9:58  Probe  
  126  9:59  Probe x2  
  130  10:03  Zealot x2  
  130  10:04  Zealot x2  
  130  10:05  Zealot x2  
  130  10:06  Zealot x2  
  146  10:10  Archon  
  146  10:11  Probe, Archon  
  145  10:33  Stalker  
  145  10:34  Stalker x3  
  133  10:43  Zealot  
  133  10:44  Zealot x3  
  133  10:47  Colossus  
  147  10:57  Assimilator  
  147  11:01  Probe x2, Assimilator  
  149  11:04  Pylon  
  149  11:06  Pylon  
  149  11:08  High Templar x2  
  149  11:10  Zealot x2  
  149  11:11  Zealot x2  
  159  11:12  Zealot  
  163  11:33  Zealot x2  
  163  11:34  Zealot x3  
  163  11:35  Zealot  
  175  11:41  Colossus  
  181  12:13  Pylon  
  181  12:20  Pylon  
  181  12:36  Nexus  
  181  12:38  Pylon  
  181  12:41  Pylon, Archon  
  187  12:51  Pylon  
  126  13:25  Zealot  
  126  13:26  Zealot x3  
  126  13:27  Zealot  
Show
View Real Time Build Order
Export as new Build Order

letme Terran - Winner!

Build Orders: Gas First Reaper Expand 

Get SALT Encoding   

  12  0:01  SCV  
  13  0:17  SCV, Supply Depot  
  14  0:33  SCV  
  14  0:34  Refinery  
  15  0:41  Barracks  
  15  0:46  SCV  
  16  0:58  SCV  
  17  1:10  SCV  
  18  1:25  SCV  
  19  1:30  Reaper  
  20  1:38  Orbital Command  
  20  1:51  Bunker  
  20  2:03  Marine  
  20  2:05  Command Center  
  20  2:06  SCV  
  22  2:16  Supply Depot  
  22  2:26  Factory  
  22  2:29  SCV  
  23  2:32  Barracks Reactor  
  23  2:34  Refinery  
  23  3:06  SCV  
  23  3:11  Widow Mine, Starport  
  26  3:17  Marine x2  
  26  3:19  Orbital Command  
  27  3:25  SCV  
  28  3:34  Widow Mine  
  28  3:37  Marine x2  
  28  3:40  SCV  
  33  3:50  Medivac  
  33  3:53  SCV  
  33  3:54  SCV  
  33  3:55  Supply Depot  
  37  4:01  Barracks, Marine, Factory Tech Lab  
  38  4:03  Barracks  
  38  4:12  SCV x2  
  40  4:22  Supply Depot  
  40  4:26  SCV  
  40  4:28  Marine x2  
  40  4:29  Siege Tank  
  40  4:30  Medivac  
  48  4:35  SCV  
  49  4:48  SCV x2  
  49  4:49  Marine x2  
  49  4:51  Barracks Tech Lab x2  
  53  4:57  Engineering Bay  
  53  4:59  Engineering Bay  
  53  5:00  SCV x2  
  53  5:04  Supply Depot  
  55  5:08  Starport Reactor  
  55  5:09  Marine x2  
  55  5:12  SCV  
  55  5:13  SCV  
  59  5:15  Stimpack  
  59  5:16  Combat Shield  
  59  5:23  Marine  
  59  5:24  Marine, SCV  
  59  5:26  SCV  
  63  5:34  Missile Turret  
  63  5:38  Missile Turret  
  63  5:46  Marine x2, Siege Tank  
  63  5:47  Marine x2  
  70  5:58  Supply Depot  
  70  6:09  Terran Infantry Weapons Level 1, Terran Infantry Armor Level 1  
  70  6:17  Supply Depot  
  70  6:20  Marine x3, SCV x2  
  75  6:32  SCV x2  
  73  6:45  Marine x2  
  75  6:47  Marine x2, Medivac x2  
  75  6:52  Refinery  
  81  6:54  Refinery  
  81  6:58  SCV x2  
  81  7:01  Command Center  
  83  7:04  Marine x2  
  85  7:09  Barracks  
  85  7:11  Barracks  
  85  7:13  Marine  
  86  7:17  Supply Depot  
  86  7:24  Supply Depot  
  86  7:34  Missile Turret  
  86  7:39  Marine x2, Siege Tank, SCV x2  
  86  7:42  Concussive Shells  
  93  7:46  Marauder x2, Medivac  
  99  7:56  Marine x2  
  99  7:57  Missile Turret, Supply Depot  
  101  8:02  Supply Depot  
  101  8:03  Barracks Reactor x2  
  101  8:07  Supply Depot  
  101  8:18  Ghost Academy  
  101  8:20  Medivac  
  101  8:21  Marine x2, Medivac, Siege Tank  
  101  8:22  Missile Turret  
  101  8:23  Marauder x2  
  114  8:34  Supply Depot  
  114  8:43  Missile Turret  
  114  8:48  Marine  
  114  8:49  Marine  
  114  8:53  Marine x4  
  124  9:01  SCV  
  125  9:06  Supply Depot  
  125  9:08  Supply Depot  
  125  9:10  Orbital Command  
  125  9:12  Refinery  
  125  9:13  SCV  
  125  9:15  Refinery  
  125  9:16  Armory  
  126  9:18  Marine x2, Siege Tank  
  126  9:20  Unknown x2  
  126  9:21  Marine x4  
  139  9:37  SCV x2  
  139  9:38  SCV  
  142  9:39  Marine x2  
  142  9:40  Missile Turret  
  144  9:52  Sensor Tower  
  144  9:54  Unknown  
  144  9:56  Unknown, Marine x3  
  144  9:58  Marine x2  
  153  10:01  SCV x3  
  156  10:09  Personal Cloaking  
  156  10:12  Supply Depot  
  156  10:23  Missile Turret  
  156  10:26  Unknown x2  
  156  10:51  SCV x2  
  156  10:55  Marine  
  156  10:56  Marine  
  164  10:59  Liberator x2  
  164  11:00  Terran Infantry Weapons Level 2  
  164  11:01  Marine x2  
  172  11:08  Barracks  
  172  11:09  Barracks  
  172  11:23  Command Center  
  172  11:25  Unknown x2, Sensor Tower  
  172  11:26  SCV x2  
  172  11:27  SCV  
  179  11:33  Marine x2  
  181  11:41  Supply Depot  
  181  11:45  Supply Depot  
  181  12:00  Unknown  
  181  12:01  Unknown  
  181  12:02  Marine x6  
  181  12:03  Supply Depot  
  181  12:06  Liberator, Siege Tank  
  193  12:09  Supply Depot  
  193  12:25  Supply Depot  
  193  12:28  Refinery  
  193  12:29  Refinery  
  193  12:33  Barracks Reactor  
  193  12:34  Barracks Reactor  
  193  12:37  Missile Turret  
  193  12:58  Missile Turret  
  193  13:04  Command Center  
  190  13:19  Missile Turret  
Tags
 
Add a new tag
Caveats
  • Supply blocks, unpowered buildings, or Contaminate may cause inaccurate times.
  • Supply counts are checked every 10 seconds.